 Dungeon Crawl Stone Soup version 0.29.1-2-gbd0b4ee654 (webtiles) character file.

Game seed: 15484863309971703980

11 Avanven the Ruffian (level 2, 0/29 HPs)
             Began as a Troll Fighter on Nov 29, 2022.
             Slain by Sigmund
             ... wielding a +0 scythe of flaming
              (3 damage)
             ... on level 2 of the Dungeon.
             The game lasted 00:01:09 (690 turns).

Avanven the Ruffian (Troll Fighter)                  Turns: 690, Time: 00:01:10

Health: 0/29       AC:  4    Str: 23    XL:     2   Next: 13%
Magic:  1/1        EV:  8    Int:  4    God:
Gold:   94         SH:  7    Dex:  9    Spells: 1/1 levels left

rFire   . . .      SeeInvis .     - Unarmed
rCold   . . .      Faith    .   b - +0 kite shield
rNeg    . . .      Spirit   .   a - +0 robe
rPois   .          Reflect  .   (helmet restricted)
rElec   .          Harm     .   (no cloak)
rCorr   .          Rampage  .   (gloves unavailable)
Will    .....                   (boots unavailable)
Stlth   +.........              (no amulet)
HPRegen 0.89/turn               (no ring)
MPRegen 0.07/turn               (no ring)

@: no status effects
A: large, unfitting armour, claws 3, regeneration 1, shaggy fur 1, tough skin 1
a: no special abilities


You were on level 2 of the Dungeon.
You visited 1 branch of the dungeon, and saw 2 of its levels.

You collected 94 gold pieces.

Inventory:

Armour
 a - a +0 robe (worn)
 b - a +0 kite shield (worn)
Jewellery
 j - a +4 ring of protection
Scrolls
 g - 2 scrolls of magic mapping {unknown}
 l - a scroll of identify {unknown}
 m - a scroll of enchant armour {unknown}
 n - a scroll of vulnerability {unknown}
Potions
 c - a potion of might
 d - a potion of brilliance {unknown}
 h - a potion of degeneration {unknown}
 i - a potion of haste {unknown}
 k - a potion of resistance {unknown}


   Skills:
 - Level 2.4 Fighting
 - Level 2.4 Dodging
 - Level 2.6 Shields
 * Level 2.9 Unarmed Combat


You had one spell level left.
You didn't know any spells.
Your spell library contained the following spells:

 Spells                   Type           Power      Damage    Failure   Level
 Sandblast                Erth           0%         2d4       80%         1
 Passwall                 Tmut/Erth      0%         N/A       91%         2
 Gell's Gravitas          Tloc           0%         N/A       99%         3
 Stone Arrow              Conj/Erth      0%         3d7       99%         3
 Teleport Other           Tloc           0%         N/A       99%         3
 Dispersal                Tloc           0%         N/A       100%        6


Dungeon Overview and Level Annotations

Branches:
Dungeon (2/15)

Altars:

Annotations:
D:2 Sigmund


Innate Abilities, Weirdness & Mutations

You are too large for most types of armour.
You have claws for hands.
Your natural rate of healing is unusually fast.
You are covered in fur. (AC +1)
You have tough skin. (AC +1)


Message History

Sigmund the Dreaded comes into view.
He is wielding a +0 scythe of flaming.
Found a scale mail and 7 gold pieces.
Found a stone staircase leading down.
Sigmund is nearby!
Sigmund closely misses you.
There is a stone staircase leading down here.
You claw Sigmund!
Sigmund is moderately wounded.
Sigmund barely misses you.
You scratch Sigmund.
Sigmund is heavily wounded.
Sigmund hits you with a +0 scythe of flaming!
Sigmund burns you.
You are too injured to fight recklessly!
You are too injured to fight recklessly!
You are too injured to fight recklessly!
You barely miss Sigmund.
Sigmund is heavily wounded.
Sigmund hits you but does no damage.
You barely miss Sigmund.
Sigmund is heavily wounded.
You barely miss Sigmund.
Sigmund is heavily wounded.
Sigmund hits you with a +0 scythe of flaming.
Sigmund burns you.
You closely miss Sigmund.
Sigmund is heavily wounded.
Your hearing returns.
Sigmund closely misses you.
You completely miss Sigmund.
Sigmund is heavily wounded.
You closely miss Sigmund.
Sigmund is heavily wounded.
Sigmund hits you with a +0 scythe of flaming.
Sigmund burns you.
You closely miss Sigmund.
Sigmund is heavily wounded.
Sigmund hits you with a +0 scythe of flaming!
* * * LOW HITPOINT WARNING * * *
Sigmund burns you.
You die...

.. ############ .#
......)....# ##.#
.#########.# #.. .#
#.# #.# .# #.#
###.######. .#
#####.###..........
.##
#.......[.#.######
..# #.###.#####@#
<.# #.# #@# .)# #.#
#[# ..# #.# #.# ...
..# #.# #.## ###
#$# #.# #.# #.# #..


You could see Sigmund.

Vanquished Creatures
  A dart slug (D:1)
  2 giant cockroaches (D:1)
  2 goblins (D:1)
  A kobold (D:1)
  A ball python (D:1)
  A frilled lizard (D:2)
8 creatures vanquished.

Notes
Turn   | Place    | Note
-------+----------+-------------------------------------------
     0 | D:1      | Avanven the Troll Fighter began the quest for the Orb.
     0 | D:1      | Reached XP level 1. HP: 22/22 MP: 0/0
   240 | D:1      | Found a faded altar of an unknown god.
   240 | D:1      | Noticed a quasit
   528 | D:1      | Reached XP level 2. HP: 29/29 MP: 1/1
   679 | D:2      | Noticed Sigmund
   690 | D:2      | Slain by Sigmund

Illustrated notes

Levels and vault maps discovered:
D:1:      dpeg_arrival_simpleton_c, layout_basic,
          dreamdust_ecumenical_altar_sealed_demon, dreamdust_princess_corridor
D:2:      layout_loops_ring, uniq_natasha, uniq_sigmund

Action                   || total
-------------------------++-------
Melee: Unarmed           ||    34
  Use: Scroll            ||     2
Armor: Robe              ||     9
Dodge: Dodged            ||     7
Block: Kite shield       ||     7
